 Dungeon Crawl Stone Soup version 0.26-a0-631-ged93497179 (webtiles) character file.

Game seed: 8171202553176508482

8414 Murumi the Fighter (level 11, 0/184 HPs)
             Began as an Ogre Conjurer on Sept 12, 2020.
             Was a High Priest of Okawaru.
             Slain by Migumi's ghost (13 damage)
             ... on level 7 of the Dungeon.
             The game lasted 00:42:49 (14776 turns).

Murumi the Fighter (Ogre Conjurer)                 Turns: 14776, Time: 00:42:49

Health: 0/184      AC: 25    Str: 16    XL:     11   Next: 30%
Magic:  9/18       EV:  1    Int: 19    God:    Okawaru [*****.]
Gold:   496        SH:  0    Dex:  7    Spells: 17/20 levels left

rFire    + . .     SeeInvis .   E - +7 dire flail of Honour {elec, rF+ rC+ rN+}
rCold    + . .     Faith    +   (shield currently unavailable)
rNeg     + + +     Spirit   .   (armour currently unavailable)
rPois    +         Reflect  .   (helmet currently unavailable)
rElec    .         Harm     .   (cloak currently unavailable)
rCorr    .         Rampage  .   (gloves unavailable)
MR       +....     NoTele   +   (boots unavailable)
Stlth    +++.......             k - amulet of faith
HPRegen  0.40/turn              (no ring)
MPRegen  0.16/turn              (no ring)

@: lethally poisoned (0 -> 0), tree-form, heroism, finesse
A: large, unfitting armour
a: Heroism, Finesse, Renounce Religion


You were on level 7 of the Dungeon.
You worshipped Okawaru.
Okawaru was extremely pleased with you.
You were a tree.
You visited 2 branches of the dungeon, and saw 11 of its levels.

You collected 660 gold pieces.
You spent 164 gold pieces at shops.

Inventory:

Hand Weapons
 p - a +0 giant club
 y - a +1 giant spiked club
 E - the +7 dire flail of Honour (weapon) {elec, rF+ rC+ rN+}
   (Okawaru gifted it to you on level 10 of the Dungeon)

   Occasionally, upon striking a foe, it will discharge some electrical energy
   and cause terrible harm.
   It protects you from fire.
   It protects you from cold.
   It protects you from negative energy.
Missiles
 c - 7 curare-tipped darts (quivered)
 w - 15 poisoned darts
Armour
 r - the +1 robe "Fetuok" (melded) {Str+5}
   (You found it on level 5 of the Dungeon)

   It affects your strength (+5).
 A - a +1 cloak (melded)
Jewellery
 k - an amulet of faith (around neck)
Wands
 t - a wand of paralysis (15)
 v - a wand of flame (16)
 B - a wand of digging (5)
 C - a wand of iceblast (9)
Scrolls
 i - 2 scrolls of fog
 j - 5 scrolls of teleportation
 l - 5 scrolls of remove curse
 m - a scroll of magic mapping
 s - 2 scrolls of enchant armour
 z - a scroll of blinking
Potions
 a - 2 potions of cancellation
 b - 2 potions of might
 e - 2 potions of brilliance
 f - 2 potions of flight
 g - 7 potions of curing
 h - 2 potions of invisibility
 n - 2 potions of ambrosia
 o - 2 potions of stabbing
 q - 4 potions of haste
 u - a potion of lignification
 x - 2 potions of magic
 D - a potion of berserk rage


   Skills:
 - Level 12.0(17.0) Fighting
 + Level 7.8(12.8) Maces & Flails
 - Level 3.0(8.0) Armour
 - Level 7.0(12.0) Dodging
 - Level 3.0(8.0) Stealth
 - Level 5.0 Spellcasting
 - Level 4.0 Conjurations
 - Level 5.0 Invocations
 - Level 3.0 Evocations


You had 17 spell levels left.
You knew the following spells:

 Your Spells              Type           Power        Failure   Level
a - Magic Dart            Conj           ###.         2%          1
b - Searing Ray           Conj           ###...       3%          2

Your spell library contained the following spells:

 Spells                   Type           Power        Failure   Level
 Beastly Appendage        Tmut           #.....       12%         1
 Corona                   Hex            #......      12%         1
 Summon Small Mammal      Summ           #...         12%         1
 Dazzling Flash           Conj/Hex       ##....       16%         3
 Call Imp                 Summ           #.......     19%         2
 Slow                     Hex            #.......     19%         2
 Wereblood                Tmut           #.......     19%         2
 Call Canine Familiar     Summ           #.......     36%         3
 Inner Flame              Hex/Fire       #.......     36%         3
 Portal Projectile        Hex/Tloc       #.....       36%         3
 Spider Form              Tmut/Pois      #.........   36%         3
 Summon Guardian Golem    Hex/Summ       #.......     36%         3
 Fulminant Prism          Conj/Hex       ##........   47%         4
 Iskenderun's Mystic Bla  Conj/Tloc      ##......     47%         4
 Cause Fear               Hex            #.........   77%         4
 Ice Form                 Ice/Tmut       #.......     77%         4
 Leda's Liquefaction      Hex/Erth       #.........   77%         4
 Summon Ice Beast         Ice/Summ       #.......     77%         4
 Summon Lightning Spire   Summ/Air       #.......     77%         4
 Blade Hands              Tmut           #.........   98%         5


Dungeon Overview and Level Annotations

Branches:
Dungeon (10/15)            Temple (1/1) D:4
   Lair: D:8-11         Orc: D:9-12

Altars:
Ashenzari
Cheibriados
Dithmenos
Elyvilon
Fedhas
Gozag
Hepliaklqana
Kikubaaqudgha
Makhleb
Nemelex Xobeh
Okawaru
Qazlal
Ru
Sif Muna
Trog
Uskayaw
Vehumet
Wu Jian
Xom
Yredelemnul
Zin
The Shining One

Shops:
D:8 ?   D:9 ?

Annotations:
D:7 Migumi's ghost, novice GnWn


Innate Abilities, Weirdness & Mutations

You are too large for most types of armour.
((You have tough skin. (AC +1)))


Message History

You closely miss Migumi's ghost.
Migumi's ghost is severely damaged.
You barely miss Migumi's ghost.
Migumi's ghost is severely damaged.
Migumi's ghost hits you!
* * * LOW HITPOINT WARNING * * *
Unknown command.
You gain the combat prowess of a mighty hero.
You feel sick. Migumi's ghost hits you.
* * * LOW HITPOINT WARNING * * *
You completely miss Migumi's ghost.
Migumi's ghost is severely damaged.
You miss Migumi's ghost.
Migumi's ghost is severely damaged.
You hit Migumi's ghost.
Lightning courses through Migumi's ghost!
Migumi's ghost is severely damaged.
Migumi's ghost threatens, "I'm fresh out of hellfire, but you will end anyway."
Migumi's ghost hits you!
You die...

####### ####.....###
#.........W# ###'''####♣#
#$.......?#[# #8.......8#.#
#)......./#.# ###########
#(!.......#.######.#..#.#..#
##8.../.8##................#
##(P⌠P.#########.........<#
#.......)..# #..........#


You could see Migumi's ghost.

Vanquished Creatures
  2 two-headed ogres
  The ghost of Gargoyl the Fighter, a novice GnAK of Lugonu (D:7)
  The ghost of fly the Sneak, a novice FoDe of the Shining One (D:7)
  The ghost of radzia the Ruffian, a novice VSFi of Gozag (D:7)
  3 trolls
  2 hippogriffs
  A water moccasin (D:9)
  An ice beast (D:10)
  2 sky beasts
  2 orc warriors
  4 ogres
  3 necrophages
  5 centaurs
  A crocodile (D:10)
  4 big kobolds
  A wyvern zombie (D:7)
  Blork the orc (D:4)
  8 bullfrogs
  A wyvern skeleton (D:7)
  A scorpion (D:4)
  3 howler monkeys
  15 wights
  2 bullfrog zombies
  5 orc priests
  4 bullfrog skeletons
  6 hounds
  2 jellies
  An orc wizard (D:10)
  3 centaur skeletons
  A gnoll shaman (D:9)
  4 iguanas
  Natasha (thrice) (D:4)
  8 worker ants
  A hound zombie (D:6)
  7 gnolls
  A howler monkey skeleton (D:7)
  6 adders
  2 shadow imps
  A white imp (D:6)
  3 ufetubi
  3 oozes
  3 adder skeletons
  An adder zombie (D:5)
  2 worms
  3 dart slugs
  8 leopard geckos
  15 orcs
  3 ball pythons
  8 bats
  4 giant cockroaches
  8 goblins
  10 hobgoblins
  12 jackals
  2 quokkas
  4 frilled lizards
  22 kobolds
  A leopard gecko skeleton (D:5)
  A quokka skeleton (D:5)
  8 rats
241 creatures vanquished.

Notes
Turn   | Place    | Note
-------+----------+-------------------------------------------
     0 | D:1      | Murumi the Ogre Conjurer began the quest for the Orb.
     0 | D:1      | Reached XP level 1. HP: 16/16 MP: 3/3
   173 | D:1      | Reached XP level 2. HP: 24/24 MP: 0/5
   288 | D:1      | Learned a level 2 spell: Searing Ray
   434 | D:1      | Found a snail-covered altar of Cheibriados.
   618 | D:1      | Reached skill level 1 in Fighting
   627 | D:1      | Reached XP level 3. HP: 20/33 MP: 0/7
  1193 | D:2      | Reached skill level 2 in Fighting
  1476 | D:2      | Reached skill level 1 in Maces & Flails
  1876 | D:2      | Reached XP level 4. HP: 44/44 MP: 4/8
  2048 | D:2      | Reached skill level 3 in Fighting
  2885 | D:3      | Reached skill level 4 in Fighting
  3334 | D:4      | Reached XP level 5. HP: 54/54 MP: 6/9
  3506 | D:4      | Noticed Natasha
  3508 | D:4      | Killed Natasha
  3600 | D:4      | Found an opulent altar of Gozag.
  3671 | D:4      | Reached skill level 1 in Armour
  3799 | D:4      | Noticed Blork the orc
  3806 | D:4      | Killed Blork the orc
  3806 | D:4      | Reached skill level 5 in Fighting
  3806 | D:4      | Reached XP level 6. HP: 56/66 MP: 1/10
  3885 | D:4      | Noticed Natasha
  3895 | D:4      | Killed Natasha
  4036 | D:4      | Reached skill level 6 in Fighting
  4431 | D:4      | Found a staircase to the Ecumenical Temple.
  4436 | Temple   | Entered the Ecumenical Temple
  4593 | Temple   | Became a worshipper of Warmaster Okawaru
  4641 | D:4      | Reached skill level 1 in Invocations
  4641 | D:4      | Reached XP level 7. HP: 49/75 MP: 6/11
  4872 | D:5      | Entered Level 5 of the Dungeon
  4875 | D:4      | Noticed Natasha
  4879 | D:4      | Killed Natasha
  5119 | D:5      | Reached * piety under Okawaru
  5119 | D:5      | Reached skill level 7 in Fighting
  5237 | D:5      | Got a wizard robe
  5247 | D:5      | Identified the +1 robe "Fetuok" {Str+5} (You found it on
                  | level 5 of the Dungeon)
  6277 | D:6      | Reached skill level 8 in Fighting
  6541 | D:6      | Reached XP level 8. HP: 58/88 MP: 6/12
  6681 | D:6      | Noticed a troll
  6702 | D:6      | Killed a troll
  6702 | D:6      | Reached ** piety under Okawaru
  6705 | D:6      | Reached skill level 1 in Evocations
  7197 | D:6      | Reached skill level 9 in Fighting
  7491 | D:6      | Reached *** piety under Okawaru
  7710 | D:6      | Reached XP level 9. HP: 98/98 MP: 9/13
  8037 | D:6      | Reached skill level 5 in Maces & Flails
  8798 | D:7      | Reached skill level 5 in Dodging
  8913 | D:7      | Reached skill level 10 in Fighting
  9580 | D:7      | Found a glowing silver altar of Zin.
  9641 | D:7      | Received a gift from Okawaru
  9776 | D:7      | Reached **** piety under Okawaru
 10061 | D:7      | Found a runed translucent gate.
 10061 | D:7      | Found a runed translucent gate.
 10061 | D:7      | Found a runed translucent gate.
 10061 | D:7      | Noticed Migumi's ghost (novice GnWn)
 10062 | D:7      | Noticed fly's ghost (novice FoDe)
 10062 | D:7      | Noticed Gargoyl's ghost (novice GnAK)
 10062 | D:7      | Noticed radzia's ghost (novice VSFi)
 10194 | D:8      | Found Bejout's Magic Scroll Shoppe.
 10249 | D:8      | Bought a scroll of enchant weapon for 82 gold pieces
 10249 | D:8      | Bought a scroll of enchant weapon for 82 gold pieces
 10694 | D:8      | Noticed a two-headed ogre
 11177 | D:8      | Killed a two-headed ogre
 11177 | D:8      | Reached skill level 11 in Fighting
 11177 | D:8      | Reached XP level 10. HP: 113/113 MP: 16/16
 11762 | D:9      | Found an ancient bone altar of Kikubaaqudgha.
 11762 | D:9      | Found a snail-covered altar of Cheibriados.
 11947 | D:9      | Noticed a two-headed ogre
 11961 | D:9      | Killed a two-headed ogre
 12277 | D:9      | Reached ***** piety under Okawaru
 12701 | D:9      | Reached skill level 5 in Spellcasting
 13109 | D:9      | Found Uckegoij's Magic Scroll Boutique.
 13287 | D:10     | Entered Level 10 of the Dungeon
 13493 | D:10     | Reached skill level 5 in Invocations
 13663 | D:10     | Received a gift from Okawaru
 13664 | D:10     | Got a sapphire dire flail {god gift}
 13664 | D:10     | Identified the +7 dire flail of Honour {elec, rF+ rC+ rN+}
                  | (Okawaru gifted it to you on level 10 of the Dungeon)
 13977 | D:10     | Reached XP level 11. HP: 115/120 MP: 8/18
 14737 | D:7      | Killed radzia's ghost
 14743 | D:7      | Killed fly's ghost
 14743 | D:7      | Reached skill level 12 in Fighting
 14758 | D:7      | Killed Gargoyl's ghost
 14758 | D:7      | Received a gift from Okawaru
 14776 | D:7      | Slain by Migumi's ghost

Illustrated notes

Levels and vault maps discovered:
D:1:      evilmike_arrival_hilbert_curve, layout_basic, serial_glass,
          glass_columns_a, glass_columns_a, minmay_fountain_box,
          cheibriados_altar_1
D:2:      layout_rooms
D:3:      layout_basic
D:4:      layout_gridville, temple_doors_cd, grunt_gozag_statues, uniq_natasha,
          uniq_blork_the_orc
D:5:      layout_cave_pods
D:6:      layout_basic
D:7:      layout_gridville, gammafunk_ghost_cemetery, basic_altar
D:8:      layout_basic, serial_shops,
          nicolae_shop_temple_entry_statues_fountains, minmay_crossroads
D:9:      layout_loops_ring, gammafunk_temple_overflow_wave, serial_shops,
          shop_statue
D:10:     layout_basic
Temple:   regret_index_temple_chain_breaker

Skill      XL: |  1  2  3  4  5  6  7  8  9 10 11 |
---------------+----------------------------------+-----
Dodging        | 2 3 4 6 7 |  7.0
Conjurations   | 4 |  4.0
Spellcasting   | 3 4 5 |  5.0
Fighting       | 1 2 4 5 6 8 9 11 12 | 12.0
Maces & Flails | 1 2 3 4 6 7 |  7.8
Armour         | 1 2 3 |  3.0
Invocations    | 1 2 3 4 5 |  5.0
Evocations     | 2 3 |  3.0
Stealth        | 2 3 |  3.0

Action                   |  1- 3 |  4- 6 |  7- 9 | 10-12 || total
-------------------------+-------+-------+-------+-------++-------
Melee: Unarmed           |     9 |       |       |       ||     9
       Club              |     8 |     6 |       |       ||    14
       Whip              |       |     5 |   142 |    75 ||   222
       Dire flail        |       |       |       |    68 ||    68
Throw: Dart              |       |       |       |     2 ||     2
 Cast: Magic Dart        |    83 |    34 |   137 |    71 ||   325
       Searing Ray       |     2 |    19 |    46 |    24 ||    91
Invok: Heroism           |       |       |     2 |     5 ||     7
       Finesse           |       |       |       |     2 ||     2
Evoke: Wand              |       |       |     1 |     2 ||     3
  Use: Scroll            |     4 |     6 |    10 |    10 ||    30
       Potion            |       |       |     1 |     3 ||     4
 Stab: Paralysed         |       |       |     5 |     5 ||    10
       Sleeping          |       |       |       |     1 ||     1
Armor: Robe              |     6 |     9 |    37 |    22 ||    74
       Skin              |       |       |       |     1 ||     1
Dodge: Dodged            |    14 |    17 |   107 |    61 ||   199

Table legend: (Time is in decaauts)
 A = Elapsed time spent in this place.
 B = Non-inter-level travel time spent in this place.
 C = Inter-level travel time spent in this place.
 D = Time resting spent in this place.
 E = Time spent auto-exploring this place.
 F = Levels seen in this place.
 G = Mean time per level.
                   A        B        C        D        E       F      G
               +--------+--------+--------+--------+--------+-----+--------+
         Total |  14734 |  13668 |   1066 |    377 |  11219 |  11 | 1339.5 |
       Dungeon |  14567 |  13528 |   1039 |    377 |  11081 |  10 | 1456.7 |
        Temple |    166 |    140 |     26 |      0 |    138 |   1 |  166.0 |
               +--------+--------+--------+--------+--------+-----+--------+

Top non-repeatable levels by time:
     D:6: 2498 daAuts
     D:9: 1894 daAuts
     D:7: 1595 daAuts
     D:4: 1476 daAuts
     D:8: 1334 daAuts
     D:1: 1286 daAuts
     D:5: 1273 daAuts
    D:10: 1160 daAuts
     D:3: 1149 daAuts
     D:2: 897 daAuts
  Temple: 166 daAuts
